 Dungeon Crawl Stone Soup version 0.29.1-15-g9cfb28693d (webtiles) character file.

Game seed: 2045737488171355614

4 protoss039 the Digger (level 1, -3/14 HPs)
             Began as a Demonspawn Earth Elementalist on Mar 13, 2023.
             Slain by a quokka (4 damage)
             ... on level 1 of the Dungeon.
             The game lasted 00:00:22 (34 turns).

protoss039 the Digger (Demonspawn Earth Elementalist) Turns: 34, Time: 00:00:23

Health: -3/14      AC:  2    Str:  8    XL:     1   Next: 50%
Magic:  0/3        EV: 12    Int: 16    God:
Gold:   0          SH:  0    Dex: 13    Spells: 3/4 levels left

rFire   . . .      SeeInvis .   (no weapon)
rCold   . . .      Faith    .   (no shield)
rNeg    . . .      Spirit   .   a - +0 robe
rPois   .          Reflect  .   (no helmet)
rElec   .          Harm     .   (no cloak)
rCorr   .          Rampage  .   (no gloves)
Will    .....                   (no boots)
Stlth   +.........              (no amulet)
HPRegen 0.04/turn               (no ring)
MPRegen 0.08/turn               (no ring)

@: very slow
A: no striking features
a: no special abilities


You were on level 1 of the Dungeon.
You visited 1 branch of the dungeon, and saw 1 of its levels.

Inventory:

Armour
 a - a +0 robe (worn)
Potions
 b - a potion of magic
 c - a potion of curing {unknown}


   Skills:
 + Level 0.4 Fighting
 - Level 1.7 Dodging
 - Level 1.7 Stealth
 + Level 2.1 Spellcasting
 - Level 0.8 Transmutations
 + Level 2.8 Earth Magic


You had 3 spell levels left.
You knew the following spells:

 Your Spells              Type           Power      Damage    Failure   Level
a - Sandblast             Erth           20%        2d7       7%          1

Your spell library contained the following spells:

 Spells                   Type           Power      Damage    Failure   Level
 Passwall                 Tmut/Erth      5%         N/A       14%         2
 Stone Arrow              Conj/Erth      12%        3d7       34%         3
 Petrify                  Tmut/Erth      7%         N/A       67%         4


Dungeon Overview and Level Annotations

Branches:
Dungeon (1/15) Zot: 5955

Altars:


Message History

The blast of sand hits the ball python!
You kill the ball python!
The kobold hits you but does no damage.
Unknown command.
The kobold attacks as you move away! The kobold barely misses you.
There is an open door here.
Unknown command.
Casting: Sandblast (safe; 7% risk of failure)
Confirm with . or Enter, or press ? or * to list all spells.
Aiming: Sandblast (safe; 7% risk of failure)
Press: ? - help, Shift-Dir - straight line, f - kobold
Aim: a kobold, wielding a +0 dagger (severely wounded, 77% to hit)
The blast of sand hits the kobold!
You kill the kobold!
Unknown command.
Casting: Sandblast (safe; 7% risk of failure)
Confirm with . or Enter, or press ? or * to list all spells.
You don't have enough magic to cast this spell.
Unknown command.
The endoplasm attacks as you move away! The endoplasm closely misses you.
You open the door. The endoplasm hits you.
The endoplasm attacks as you move away! The endoplasm hits you.
* * * LOW HITPOINT WARNING * * *
The quokka twitches its whiskers.
There is an open door here.
The endoplasm attacks as you move away! The endoplasm hits you.
* * * LOW HITPOINT WARNING * * *
There is an escape hatch in the floor here.
Casting: Sandblast (safe; 7% risk of failure)
Confirm with . or Enter, or press ? or * to list all spells.
Aiming: Sandblast (safe; 7% risk of failure)
Press: ? - help, Shift-Dir - straight line, f - endoplasm
Aim: an endoplasm (98% to hit)
The blast of sand hits the endoplasm!
You kill the endoplasm!
Unknown command.
You enter the shallow water.
Moving in this stuff is going to be slow.
The quokka bites you.
You die...

..#....
......†#########.##.
#.......)r..........
.#######'###'###+###
#.............#
#.8.⌠⌠⌠>⌠⌠⌠.8.#
#.............#
#~~~r~~~≈~~~~~#
#≈≈~@≈~~≈~~~≈≈#
#≈≈~~~≈~≈≈~~≈≈#
#≈≈~~~≈~≈≈~~≈≈#
#≈≈~~~≈~~~~≈≈≈#
#≈≈≈~~≈~≈~~≈≈≈#
#≈≈≈~~≈~~~~≈≈≈#
#≈≈≈≈~≈~≈~≈≈≈≈#
#≈≈≈~~~~~~≈≈≈≈#
#≈≈≈≈≈~~~~≈≈≈≈#


You could see a quokka.

Vanquished Creatures
  A ball python (D:1)
  An endoplasm (D:1)
  A kobold (D:1)
3 creatures vanquished.

Notes
Turn   | Place    | Note
-------+----------+-------------------------------------------
     0 | D:1      | protoss039 the Demonspawn Earth Elementalist began the
                  | quest for the Orb.
     0 | D:1      | Reached XP level 1. HP: 13/13 MP: 3/3
    34 | D:1      | Slain by a quokka

Illustrated notes

Levels and vault maps discovered:
D:1:      zaba_arrival_water, layout_basic, serial_glass, glass_columns_b,
          glass_columns_a, minmay_strange_pillars, feat_on_display,
          due_unseen_surprise, feat_on_display,
          chequers_ecumenical_altar_twisty, serial_shops, nicolae_diamond_shop

Action                   || total
-------------------------++-------
 Cast: Sandblast         ||     4
Armor: Robe              ||     3
Dodge: Dodged            ||     5
